 Dungeon Crawl Stone Soup version 0.31-a0-848-gaac375c287 (webtiles) character file.

Game seed: 14477582761031649862

44 Dittersdorf the Trooper (level 3, -3/24 HPs)
             Began as a Gargoyle Fighter on Oct 4, 2023.
             Slain by a gnoll
             ... wielding a +0 halberd
              (10 damage)
             ... on level 2 of the Dungeon.
             The game lasted 00:01:00 (989 turns).

Dittersdorf the Trooper (Gargoyle Fighter)           Turns: 989, Time: 00:01:01

Health: -3/24      AC: 11    Str: 21    XL:     3   Next: 60%
Magic:  3/3        EV:  9    Int:  8    God:
Gold:   63         SH:  4    Dex:  9    Spells: 2/2 levels left

rFire   . . .        a - +0 flail
rCold   . . .        c - +0 buckler
rNeg    + . .        b - +0 scale mail
rPois   ∞            (no helmet)
rElec   +            (no cloak)
rCorr   .            g - +0 pair of gloves
SInv    .            (no boots)
Will    .....        f - amulet of faith Stlth
                     (no ring)
HPRegen 0.24/turn    (no ring)
MPRegen 0.08/turn

%: faith
@: no status effects
A: sickness immunity, AC +3, negative energy resistance 1, electricity
resistance, torment resistance 1, petrification resistance
a: no special abilities


You were on level 2 of the Dungeon.
You visited 1 branch of the dungeon, and saw 2 of its levels.

You collected 63 gold pieces.

Inventory:

Hand Weapons
 a - a +0 flail (weapon)
Armour
 b - a +0 scale mail (worn)
 c - a +0 buckler (worn)
 g - a +0 pair of gloves (worn)
Jewellery
 f - an amulet of faith (around neck)
Scrolls
 i - 2 scrolls of teleportation {unknown}
Potions
 d - a potion of might
 e - a potion of haste {unknown}
 h - a potion of degeneration {unknown}


   Skills:
 + Level 3.8 Fighting
 + Level 2.5 Maces & Flails
 + Level 3.7 Armour
 + Level 3.7 Shields


You had 2 spell levels left.
You didn't know any spells.
Your spell library contained the following spells:

 Spells                   Type           Power      Damage    Failure   Level
 Ensorcelled Hibernation  Hex/Ice        0%         N/A       91%         2
 Jinxbite                 Hex            0%         N/A       91%         2
 Anguish                  Hex/Necr       0%         N/A       100%        4


Dungeon Overview and Level Annotations

Branches:
Dungeon (2/15)

Altars:

Shops:
D:1 [


Innate Abilities, Weirdness & Mutations

You are immune to sickness and miasma.
Your stone body is resilient. (AC +3)
You are immune to poison.
You resist negative energy. (rN+)
You are resistant to electric shocks. (rElec)
You are resistant to unholy torment.
You are immune to petrification.


Message History

You see here a worm corpse.
i - 2 scrolls labelled WOREFO ACAWNIQ (gained 1)
You now have 63 gold pieces (gained 8).
Found a leather armour.
No target in view!
You see here a +0 leather armour.
Found a stone staircase leading down.
No target in view!
Found a stone staircase leading down and a stone staircase leading up.
No target in view!
A gnoll comes into view. It is wielding a +0 spear.
A gnoll comes into view. It is wielding a +0 halberd.
A gnoll comes into view. It is wielding a +0 spear.
The gnoll shouts!
You hear an angry hiss.
The gnoll hits you but does no damage.
An adder comes into view.
You hit the gnoll.
The gnoll is moderately wounded.
The gnoll hits you from afar with a +0 halberd.
The gnoll barely misses you. The gnoll hits you with a +0 spear.
A gnoll comes into view. It is wielding a +0 flail.
The gnoll shouts!
You thump the gnoll!
You kill the gnoll!
You block the gnoll's attack.
A frilled lizard comes into view.
A kobold comes into view. It is wielding a +0 club.
The gnoll barely misses you.
Things that are here:
a +0 spear; a gnoll corpse The kobold shouts!
The frilled lizard hisses angrily.
You hit the gnoll.
The gnoll is lightly wounded.
The gnoll hits you with a +0 spear. The gnoll barely misses you.
You hit the gnoll.
The gnoll is lightly wounded.
The gnoll hits you with a +0 spear!
* * * LOW HITPOINT WARNING * * *
The gnoll hits you from afar with a +0 halberd!
You die...

... #K# ### #l. ....#
#g# ..#.# #S# #.#.#
#g# #.# #.#.#### #g#
#.# #.#..... #@# #.#
#.#..###
.#####.#####.###.#..#
#....................#
########.####.###.##.#
#.....##.# #.##.#
##.#.#.##.###.##.#
#.............##.#
#..#.#.##.....>..#
#......###########


You could see 3 gnolls, an adder, a kobold and a frilled lizard.

Vanquished Creatures
  A gnoll (D:2)
  A worm (D:2)
  4 ball pythons (D:1)
  A giant cockroach (D:1)
  2 goblins
  2 hobgoblins (D:1)
  3 jackals (D:1)
  A quokka (D:1)
  6 bats (D:1)
  A frilled lizard (D:2)
  A kobold (D:1)
  6 rats (D:1)
29 creatures vanquished.

Notes
Turn   | Place    | Note
-------+----------+-------------------------------------------
     0 | D:1      | Dittersdorf the Gargoyle Fighter began the quest for the
                  | Orb.
     0 | D:1      | Reached XP level 1. HP: 14/14 MP: 1/1
   123 | D:1      | Reached XP level 2. HP: 16/19 MP: 2/2
   346 | D:1      | Found Okotiuj's Antique Armour Shoppe.
   557 | D:1      | Reached XP level 3. HP: 23/23 MP: 3/3
   989 | D:2      | Slain by a gnoll

Illustrated notes

Levels and vault maps discovered:
D:1:      lightli_arrival_noodles, layout_basic, serial_shops, shop
D:2:      layout_loops_ring, minmay_distorted

Action                     || total
---------------------------++-------
  Melee: Flail             ||   101
 Armour: Scale mail        ||    90
  Dodge: Dodged            ||    54
  Block: Buckler           ||    25

Table legend: (Time is in decaauts)
 A = Elapsed time spent in this place.
 B = Non-inter-level travel time spent in this place.
 C = Inter-level travel time spent in this place.
 D = Time resting spent in this place.
 E = Time spent auto-exploring this place.
 F = Levels seen in this place.
 G = Mean time per level.
                   A        B        C        D        E       F      G
               +--------+--------+--------+--------+--------+-----+--------+
         Total |   1020 |   1004 |     16 |      0 |    767 |   2 |  510.0 |
       Dungeon |   1020 |   1004 |     16 |      0 |    767 |   2 |  510.0 |
               +--------+--------+--------+--------+--------+-----+--------+

Top non-repeatable levels by time:
     D:1: 788 daAuts
     D:2: 232 daAuts
